 Dungeon Crawl Stone Soup version 0.31-a0-818-ge7c7cf74f0 (webtiles) character file.

Game seed: 13416984265605551562

61 Kurtz the Chopper (level 4, -2/31 HPs)
             Began as an Octopode Fighter on Sept 23, 2023.
             Slain by a goblin
             ... wielding a +0 dagger
             ... led by Robin
              (6 damage)
             ... on level 1 of the Dungeon.
             The game lasted 00:00:44 (1308 turns).

Kurtz the Chopper (Octopode Fighter)                Turns: 1308, Time: 00:00:44

Health: -2/31      AC:  1    Str: 15    XL:     4   Next: 7%
Magic:  4/4        EV: 13    Int: 10    God:
Gold:   60         SH:  4    Dex: 13    Spells: 3/3 levels left

rFire   . . .        a - +0 war axe
rCold   . . .        b - +0 buckler
rNeg    . . .        (helmet restricted)
rPois   .            (no amulet)
rElec   .            (no ring)
rCorr   .            (no ring)
SInv    .            (no ring)
Will    .....        (no ring)
Stlth   ++           (no ring)
HPRegen 0.25/turn    (no ring)
MPRegen 0.09/turn    (no ring)
                     (no ring)

%: no passive effects
@: no status effects
A: almost no armour, amphibious, 8 rings, camouflage 1, gelatinous body 1,
(nimble swimmer 1), tentacles
a: no special abilities


You were on level 1 of the Dungeon.
You visited 1 branch of the dungeon, and saw 2 of its levels.

You collected 60 gold pieces.

Inventory:

Hand Weapons
 a - a +0 war axe (weapon)
Missiles
 g - 15 poisoned darts
Armour
 b - a +0 buckler (worn)
Scrolls
 f - a scroll of acquirement {unknown}
 h - a scroll of blinking {unknown}
 i - a scroll of identify {unknown}
 j - a scroll of fear {unknown}
 k - a scroll of immolation {unknown}
Potions
 c - a potion of might
 d - 2 potions of haste {unknown}
 e - a potion of lignification {unknown}


   Skills:
 - Level 3.0 Fighting
 * Level 4.2 Axes
 - Level 3.0 Dodging
 - Level 3.0 Shields


You had 3 spell levels left.
You didn't know any spells.
Your spell library was empty.

Dungeon Overview and Level Annotations

Branches:
Dungeon (2/15)

Altars:

Annotations:
D:2 Robin


Innate Abilities, Weirdness & Mutations

You cannot wear most types of armour.
You are amphibious.
You can wear up to eight rings at the same time.
Your skin changes colour to match your surroundings (Stealth+).
Your rubbery body absorbs attacks. (AC +1, EV +1)
((You are camouflaged when in or above water. (Stealth+)))
You have tentacles for arms and can constrict up to eight enemies at once.


Message History

You slash the goblin!
You kill the goblin!
There are monsters nearby!
You slash the goblin!
You kill the goblin!
You closely miss the goblin. You block the goblin's attack.
Unknown command.
The goblin barely misses you.
An endoplasm comes into view.
The goblin attacks as it pursues you! You block the goblin's attack.
A bat comes into view.
The goblin attacks as it pursues you! The goblin hits you with a +0 dagger.
The goblin attacks as it pursues you! The goblin misses you.
The bat barely misses you. Robin throws the goblin at you!
The goblin attacks as it pursues you! The goblin hits you with a +0 dagger.
The bat misses you.
Robin roars a battlecry!
The goblins go into a battle-frenzy!
The goblin attacks as it pursues you! The goblin closely misses you.
The goblin hits you with a +0 club. The goblin attacks as it pursues you!
The goblin hits you with a +0 dagger. The bat closely misses you.
The goblin barely misses you.
There is an escape hatch in the ceiling here.
The goblin hits you with a +0 club. x2; The goblin misses you.
The bat hits you. A mysterious force pulls you upwards.
The hatch slams shut behind you.
You closely miss the goblin. You grab the goblin. You miss the goblin.
You closely miss the goblin. You constrict the goblin.
The goblin hits you with a +0 club! You block the goblin's attack.
The goblin closely misses you. x2
You are too injured to fight recklessly!
Unknown command.
You are too injured to fight recklessly!
You are too injured to fight recklessly!
Unknown command.
You are too injured to fight recklessly!
You release your grip on the goblin.
The goblin attacks as it pursues you! The goblin hits you with a +0 club.
* * * LOW HITPOINT WARNING * * *
The goblin hits you with a +0 dagger.
You die...

### #.# ########### #.#
#.........#
#.#####.###.#####
#.gg@...# #.#
####...g...###.#
#..............#
##'########.##..#########
#...........##...........
#........#####..#[.......
#........# #..#........
#........# ##..#........
##...##.#####...'....####


You could see 3 goblins.

Vanquished Creatures
  2 adders (D:2)
  A worm (D:2)
  6 ball pythons
  4 endoplasms (D:1)
  2 giant cockroaches (D:1)
  5 goblins
  3 hobgoblins
  3 quokkas
  4 bats
  A frilled lizard (D:1)
  6 rats
37 creatures vanquished.

Notes
Turn   | Place    | Note
-------+----------+-------------------------------------------
     0 | D:1      | Kurtz the Octopode Fighter began the quest for the Orb.
     0 | D:1      | Reached XP level 1. HP: 16/16 MP: 1/1
    80 | D:1      | Reached XP level 2. HP: 10/21 MP: 2/2
   375 | D:1      | Reached skill level 3 in Axes
   441 | D:1      | Reached XP level 3. HP: 14/26 MP: 3/3
   532 | D:1      | Found a faded altar of an unknown god.
  1169 | D:2      | Reached skill level 4 in Axes
  1256 | D:2      | Reached XP level 4. HP: 25/31 MP: 4/4
  1293 | D:2      | Noticed Robin
  1308 | D:1      | Slain by a goblin

Illustrated notes

Levels and vault maps discovered:
D:1:      eino_arrival_druids_welcome, layout_basic,
          shapermc_ecumenical_altar_pompeii
D:2:      wad_pebble_path, layout_basic, minmay_tree_intersection, uniq_robin

Skill      XL: |  1  2  3 |
---------------+----------+-----
Axes           | 3 4 |  4.2
Fighting       | |  3.0
Dodging        | |  3.0
Shields        | |  3.0

Action                     |  1- 3 |  4- 6 || total
---------------------------+-------+-------++-------
  Melee: War axe           |    53 |     3 ||    56
         Tentacles         |     9 |       ||     9
         Constrict         |    11 |     1 ||    12
         Punch             |     1 |       ||     1
   Stab: Sleeping          |     5 |       ||     5
 Armour: Skin              |    22 |    13 ||    35
  Dodge: Dodged            |    29 |    10 ||    39
  Block: Buckler           |    11 |     3 ||    14

Table legend: (Time is in decaauts)
 A = Elapsed time spent in this place.
 B = Non-inter-level travel time spent in this place.
 C = Inter-level travel time spent in this place.
 D = Time resting spent in this place.
 E = Time spent auto-exploring this place.
 F = Levels seen in this place.
 G = Mean time per level.
                   A        B        C        D        E       F      G
               +--------+--------+--------+--------+--------+-----+--------+
         Total |   1328 |   1292 |     36 |    144 |    933 |   2 |  664.0 |
       Dungeon |   1328 |   1292 |     36 |    144 |    933 |   2 |  664.0 |
               +--------+--------+--------+--------+--------+-----+--------+

Top non-repeatable levels by time:
     D:1: 997 daAuts
     D:2: 331 daAuts
